cohdb
Replays
Latest Replays
All Replays
Popular Replays
Top Player Replays
Match Explorer
How It Works
Community
CoH3 Stats
Reddit
Sign in to upload your games and track your stats! →
Sign in with Steam
44
Match 18777663
Overview
Messages
Build Orders
End
Vickers Machine Gun Team
Construct Section Command Post
Infantry Section
Selects Air and Sea Battlegroup
ML 3-inch Mortar Team
Infantry Section
Selects Supply Surplus
Construct Field Infirmary
Infantry Section
Construct Resource Cache
Construct Platoon Command Post
6-pounder Anti-tank Gun Team
Grenade Package
Construct Resource Cache
Infantry Section
Selects Centaur Medium Tank
Centaur Medium Tank
Centaur Medium Tank
RitraXP
ume 梅
한글
maphackergofukuself
Setters
=]DW[= Akkons_Erbe
General.Mac
Jackson
0
0
Comments
sign in to comment!
No comments posted yet!